 Dungeon Crawl Stone Soup version 0.29.1-15-g9cfb28693d (webtiles) character file.

Game seed: 9315040191583819592

342 Smoke131 the Trooper (level 6, -3/66 HPs)
             Began as an Ogre Gladiator on Apr 20, 2023.
             Succumbed to a goblin's poison
             ... on level 3 of the Dungeon.
             The game lasted 00:06:03 (3328 turns).

Smoke131 the Trooper (Ogre Gladiator)               Turns: 3328, Time: 00:06:03

Health: -3/66      AC:  3    Str: 33    XL:     6   Next: 57%
Magic:  6/6        EV: 10    Int:  9    God:
Gold:   146        SH:  0    Dex: 10    Spells: 5/5 levels left

rFire   . . .      SeeInvis .   a - +1 trident (flame)
rCold   . . .      Faith    .   (no shield)
rNeg    . . .      Spirit   .   b - +0 robe
rPois   .          Reflect  .   c - +0 hat
rElec   .          Harm     .   (no cloak)
rCorr   .          Rampage  .   (gloves unavailable)
Will    .....                   (boots unavailable)
Stlth   +.........              (no amulet)
HPRegen 0.21/turn               m - +6 ring of strength
MPRegen 0.10/turn               p - +6 ring of strength

@: lethally poisoned (-3 -> -26)
A: large, unfitting armour, tough skin 1
a: no special abilities


You were on level 3 of the Dungeon.
You visited 1 branch of the dungeon, and saw 4 of its levels.

You collected 146 gold pieces.

Inventory:

Hand Weapons
 a - a +1 trident of flaming (weapon)
Missiles
 d - 2 throwing nets
 e - a large rock (quivered)
 h - a curare-tipped dart
Armour
 b - a +0 robe (worn)
 c - a +0 hat (worn)
Jewellery
 m - a +6 ring of strength (left hand)
 p - a +6 ring of strength (right hand)
Scrolls
 j - a scroll of silence
 l - 3 scrolls of teleportation
 r - a scroll of brand weapon
Potions
 k - 2 potions of lignification
 n - a potion of brilliance {unknown}
 o - a potion of magic
 q - a potion of curing {unknown}
 t - a potion of heal wounds {unknown}
 u - a potion of haste {unknown}


   Skills:
 + Level 5.4 Fighting
 + Level 4.7 Polearms
 + Level 4.0 Throwing
 - Level 3.0 Dodging


You had 5 spell levels left.
You didn't know any spells.
Your spell library was empty.

Dungeon Overview and Level Annotations

Branches:
Dungeon (4/15)
 Temple: D:4-7

Altars:
Makhleb

Annotations:
D:4 Robin


Innate Abilities, Weirdness & Mutations

You are too large for most types of armour.
You have tough skin. (AC +1)


Message History

The adder is severely wounded.
You feel very sick. The adder barely misses you. The goblin barely misses you.
The goblin hits you with a +0 club. The adder bites you.
You puncture the adder! You burn the adder.
You kill the adder!
You feel sick.
The goblin no longer looks unusually strong. x2
The goblin barely misses you. x2
The goblin attacks as you move away! The goblin hits you but does no damage.
You are more poisoned.
You feel very sick. The goblin barely misses you.
You see here an adder corpse.
You puncture the goblin! You burn the goblin.
You kill the goblin!
You feel very sick. The goblin closely misses you.
You feel sick. The goblin closely misses you.
Things that are here:
a +0 club; a goblin corpse You closely miss the goblin.
You feel sick. The goblin completely misses you.
You miss the goblin.
You feel sick. The goblin hits you but does no damage.
You are more poisoned.
You barely miss the goblin.
You feel sick. The goblin hits you but does no damage.
You are lethally poisoned!
You closely miss the goblin.
* * * LOW HITPOINT WARNING * * *
You feel very sick.
The goblin hits you with a +0 dagger of venom.
* * * LOW HITPOINT WARNING * * *
You are more poisoned.
You completely miss the goblin.
* * * LOW HITPOINT WARNING * * *
You feel very sick.
The goblin hits you with a +0 dagger of venom.
* * * LOW HITPOINT WARNING * * *
You are more poisoned.
It was a potion of magic.
Magic courses through your body.
You die...

#.# #....# #.# ##.#
######.# #.# .#.#
####......# #.#
...#######.........# #.#
.........#.##.####.# #.#
...#####.#.##.# #.# #.#
.#.# #.#.##.# #.# #.#
##.#####.#.##.####.# #.#
...........##.)g@#.# #.#
##.#####...#####†#.# #.#
##.# #...# #.#.# #.# ...#
##.#.## #.#.# #.#
...####.###.####.#.# #.#
#.###....#.......#.#####.#
........#................#
..###.#..........#########
..###.###.########


You could see a goblin.

Vanquished Creatures
  Grinder (D:3)
  An orc wizard (D:3)
  3 gnolls
  4 adders (D:3)
  2 worms
  4 orcs (D:3)
  3 ball pythons
  4 bats
  6 endoplasms
  2 giant cockroaches
  7 goblins
  A hobgoblin (D:2)
  2 jackals (D:3)
  4 quokkas
  3 frilled lizards
  7 kobolds
  7 rats
61 creatures vanquished.

Notes
Turn   | Place    | Note
-------+----------+-------------------------------------------
     0 | D:1      | Smoke131 the Ogre Gladiator began the quest for the Orb.
     0 | D:1      | Reached XP level 1. HP: 22/22 MP: 1/1
    98 | D:1      | Reached XP level 2. HP: 23/29 MP: 2/2
   193 | D:1      | Reached skill level 3 in Fighting
  1007 | D:2      | Reached XP level 3. HP: 36/37 MP: 3/3
  1788 | D:3      | Found a burning altar of Makhleb.
  1866 | D:3      | Reached XP level 4. HP: 31/48 MP: 4/4
  2056 | D:3      | Reached skill level 4 in Fighting
  2603 | D:3      | Noticed Grinder
  2613 | D:3      | Paralysed by Grinder for 4 turns
  2639 | D:3      | HP: 2/48 [Grinder (4)]
  2640 | D:3      | Killed Grinder
  2641 | D:3      | Reached skill level 5 in Fighting
  2641 | D:3      | Reached XP level 5. HP: 3/57 MP: 5/5
  2641 | D:3      | Reached XP level 6. HP: 3/66 MP: 6/6
  3291 | D:4      | Noticed Robin
  3327 | D:3      | HP: 3/66 [poisoned by a goblin]
  3328 | D:3      | Succumbed to a goblin's poison

Illustrated notes

Levels and vault maps discovered:
D:1:      psy_arrival_conway, layout_basic
D:2:      layout_loops_ring, hangedman_decor_push
D:3:      layout_loops_ring, bloody_makhleb,
          nicolae_concentric_dashed_squares_mild, uniq_grinder
D:4:      black_bear_nest_1, layout_cave_pools, uniq_robin

Skill      XL: |  1  2  3  4  5  6 |
---------------+-------------------+-----
Fighting       | 3 5 |  5.4
Dodging        | 3 |  3.0
Throwing       | 3 4 |  4.0
Polearms       | 4 |  4.7

Action                   |  1- 3 |  4- 6 || total
-------------------------+-------+-------++-------
Melee: Trident           |   106 |    80 ||   186
Throw: Dart              |       |     3 ||     3
       Large rock        |       |     2 ||     2
       Throwing net      |       |     1 ||     1
  Use: Scroll            |       |     7 ||     7
       Potion            |       |     1 ||     1
 Stab: Sleeping          |     3 |       ||     3
Armor: Robe              |    36 |    18 ||    54
Dodge: Dodged            |    58 |    39 ||    97
